Workbook
Name August: 'Exh 4-6'!$G$25
Name July: 'Exh 4-6'!$F$25
Name June: 'Exh 4-6'!$E$25
Name June_Borrowing: 'Exh 4-9'!$E$31
Name Max_Borrowing: 'Exh 4-6'!$J$32
Name September: 'Exh 4-6'!$H$25

Sheet Exh 4-1
A1: Bithlo Barbecues
A2: Cash Budget
A3: ="For the Period "&TEXT(E4,"mmmm")&" to "&TEXT(H4,"mmmm yyyy") -> For the Period June to September 2017
C4: 42826 | D4: =DATE(YEAR(C4),MONTH(C4)+1,DAY(C4)) -> 42856 | E4: =DATE(YEAR(D4),MONTH(D4)+1,DAY(D4)) -> 42887 | F4: =DATE(YEAR(E4),MONTH(E4)+1,DAY(E4)) -> 42917 | G4: =DATE(YEAR(F4),MONTH(F4)+1,DAY(F4)) -> 42948 | H4: =DATE(YEAR(G4),MONTH(G4)+1,DAY(G4)) -> 42979 | I4: =DATE(YEAR(H4),MONTH(H4)+1,DAY(H4)) -> 43009

Sheet Exh 4-2
A1: Bithlo Barbecues
A2: Cash Budget
A3: ="For the Period "&TEXT(E4,"mmmm")&" to "&TEXT(H4,"mmmm yyyy") -> For the Period June to September 2017
C4: ='Exh 4-1'!C4 -> 42826 | D4: =DATE(YEAR(C4),MONTH(C4)+1,DAY(C4)) -> 42856 | E4: =DATE(YEAR(D4),MONTH(D4)+1,DAY(D4)) -> 42887 | F4: =DATE(YEAR(E4),MONTH(E4)+1,DAY(E4)) -> 42917 | G4: =DATE(YEAR(F4),MONTH(F4)+1,DAY(F4)) -> 42948 | H4: =DATE(YEAR(G4),MONTH(G4)+1,DAY(G4)) -> 42979 | I4: =DATE(YEAR(H4),MONTH(H4)+1,DAY(H4)) -> 43009
A5: Sales | C5: 291000 | D5: 365000 | E5: 387000 | F5: 329000 | G5: 238000 | H5: 145000 | I5: 92000
A6: Collections:
A7: Cash | B7: 0.4 | E7: =E5*$B7 -> 154800 | F7: =F5*$B7 -> 131600 | G7: =G5*$B7 -> 95200 | H7: =H5*$B7 -> 58000
A8: First Month | B8: 0.45 | E8: =D5*$B8 -> 164250 | F8: =E5*$B8 -> 174150 | G8: =F5*$B8 -> 148050 | H8: =G5*$B8 -> 107100
A9: Second Month | B9: 0.15 | E9: =C5*$B9 -> 43650 | F9: =D5*$B9 -> 54750 | G9: =E5*$B9 -> 58050 | H9: =F5*$B9 -> 49350
A10: Total Collections | E10: =SUM(E7:E9) -> 362700 | F10: =SUM(F7:F9) -> 360500 | G10: =SUM(G7:G9) -> 301300 | H10: =SUM(H7:H9) -> 214450
A11: Purchases | B11: 0.5 | C11: =$B11*D5 -> 182500 | D11: =$B11*E5 -> 193500 | E11: =$B11*F5 -> 164500 | F11: =$B11*G5 -> 119000 | G11: =$B11*H5 -> 72500 | H11: =$B11*I5 -> 46000
A12: Payments:
A13: First Month | B13: 0.6 | E13: =$B13*D11 -> 116100 | F13: =$B13*E11 -> 98700 | G13: =$B13*F11 -> 71400 | H13: =$B13*G11 -> 43500
A14: Second Month | B14: =1-B13 -> 0.4 | E14: =$B14*C11 -> 73000 | F14: =$B14*D11 -> 77400 | G14: =$B14*E11 -> 65800 | H14: =$B14*F11 -> 47600
A15: Total Payments | E15: =SUM(E13:E14) -> 189100 | F15: =SUM(F13:F14) -> 176100 | G15: =SUM(G13:G14) -> 137200 | H15: =SUM(H13:H14) -> 91100
A17: Collections | E17: =E10 -> 362700 | F17: =F10 -> 360500 | G17: =G10 -> 301300 | H17: =H10 -> 214450
A18: Less Disbursements:
A19: Inventory Payments | E19: =E15 -> 189100 | F19: =F15 -> 176100 | G19: =G15 -> 137200 | H19: =H15 -> 91100
A20: Wages | B20: 0.2 | E20: =$B20*E5 -> 77400 | F20: =$B20*F5 -> 65800 | G20: =$B20*G5 -> 47600 | H20: =$B20*H5 -> 29000
A21: Lease Payment | E21: 10000 | F21: 10000 | G21: 10000 | H21: 10000
A22: Interest | E22: 30000 | F22: 0 | G22: 0 | H22: 30000
A23: Dividend (Common) | E23: 50000 | F23: 0 | G23: 0 | H23: 0
A24: Taxes | E24: 25000 | F24: 0 | G24: 0 | H24: 25000
A25: Capital Outlays | E25: 0 | F25: 200000 | G25: 0 | H25: 0
A26: Total Disbursements | E26: =SUM(E19:E25) -> 381500 | F26: =SUM(F19:F25) -> 451900 | G26: =SUM(G19:G25) -> 194800 | H26: =SUM(H19:H25) -> 185100
A27: Beginning Cash Balance | E27: =D31 -> 20000 | F27: =E31 -> 15000 | G27: =F31 -> 15000 | H27: =G31 -> 121500
A28: Collections - Disbursement | E28: =E17-E26 -> -18800 | F28: =F17-F26 -> -91400 | G28: =G17-G26 -> 106500 | H28: =H17-H26 -> 29350
A29: Unadjusted Cash Balance | E29: =SUM(E27:E28) -> 1200 | F29: =SUM(F27:F28) -> -76400 | G29: =SUM(G27:G28) -> 121500 | H29: =SUM(H27:H28) -> 150850
A30: Current Borrowing | E30: =IF(E29<$B33,$B33-E29,0) -> 13800 | F30: =IF(F29<$B33,$B33-F29,0) -> 91400 | G30: =IF(G29<$B33,$B33-G29,0) -> 0 | H30: =IF(H29<$B33,$B33-H29,0) -> 0
A31: Ending Cash Balance | D31: 20000 | E31: =SUM(E29:E30) -> 15000 | F31: =SUM(F29:F30) -> 15000 | G31: =SUM(G29:G30) -> 121500 | H31: =SUM(H29:H30) -> 150850
A32: Notes:
A33: Minimum Acceptable Cash | B33: 15000

Sheet Exh 4-3
A1: ='Exh 4-2'!A1 -> Bithlo Barbecues
A2: ='Exh 4-2'!A2 -> Cash Budget
A3: ='Exh 4-2'!A3 -> For the Period June to September 2017
C4: ='Exh 4-2'!C4 -> 42826 | D4: ='Exh 4-2'!D4 -> 42856 | E4: ='Exh 4-2'!E4 -> 42887 | F4: ='Exh 4-2'!F4 -> 42917 | G4: ='Exh 4-2'!G4 -> 42948 | H4: ='Exh 4-2'!H4 -> 42979 | I4: ='Exh 4-2'!I4 -> 43009
A5: Sales | C5: ='Exh 4-2'!C5 -> 291000 | D5: ='Exh 4-2'!D5 -> 365000 | E5: ='Exh 4-2'!E5 -> 387000 | F5: ='Exh 4-2'!F5 -> 329000 | G5: ='Exh 4-2'!G5 -> 238000 | H5: ='Exh 4-2'!H5 -> 145000 | I5: ='Exh 4-2'!I5 -> 92000
A6: Collections:
A7: Cash | B7: ='Exh 4-2'!B7 -> 0.4 | E7: =E5*$B7 -> 154800 | F7: =F5*$B7 -> 131600 | G7: =G5*$B7 -> 95200 | H7: =H5*$B7 -> 58000
A8: First Month | B8: ='Exh 4-2'!B8 -> 0.45 | E8: =D5*$B8 -> 164250 | F8: =E5*$B8 -> 174150 | G8: =F5*$B8 -> 148050 | H8: =G5*$B8 -> 107100
A9: Second Month | B9: ='Exh 4-2'!B9 -> 0.15 | E9: =C5*$B9 -> 43650 | F9: =D5*$B9 -> 54750 | G9: =E5*$B9 -> 58050 | H9: =F5*$B9 -> 49350
A10: Total Collections | E10: =SUM(E7:E9) -> 362700 | F10: =SUM(F7:F9) -> 360500 | G10: =SUM(G7:G9) -> 301300 | H10: =SUM(H7:H9) -> 214450
A11: Purchases | B11: ='Exh 4-2'!B11 -> 0.5 | C11: =$B11*D5 -> 182500 | D11: =$B11*E5 -> 193500 | E11: =$B11*F5 -> 164500 | F11: =$B11*G5 -> 119000 | G11: =$B11*H5 -> 72500 | H11: =$B11*I5 -> 46000
A12: Payments:
A13: First Month | B13: ='Exh 4-2'!B13 -> 0.6 | E13: =$B13*D11 -> 116100 | F13: =$B13*E11 -> 98700 | G13: =$B13*F11 -> 71400 | H13: =$B13*G11 -> 43500
A14: Second Month | B14: ='Exh 4-2'!B14 -> 0.4 | E14: =$B14*C11 -> 73000 | F14: =$B14*D11 -> 77400 | G14: =$B14*E11 -> 65800 | H14: =$B14*F11 -> 47600
A15: Total Payments | E15: =SUM(E13:E14) -> 189100 | F15: =SUM(F13:F14) -> 176100 | G15: =SUM(G13:G14) -> 137200 | H15: =SUM(H13:H14) -> 91100
A17: Collections | E17: =E10 -> 362700 | F17: =F10 -> 360500 | G17: =G10 -> 301300 | H17: =H10 -> 214450
A18: Less Disbursements:
A19: Inventory Payments | E19: =E15 -> 189100 | F19: =F15 -> 176100 | G19: =G15 -> 137200 | H19: =H15 -> 91100
A20: Wages | B20: ='Exh 4-2'!B20 -> 0.2 | E20: =$B20*E5 -> 77400 | F20: =$B20*F5 -> 65800 | G20: =$B20*G5 -> 47600 | H20: =$B20*H5 -> 29000
A21: Lease Payment | E21: 10000 | F21: 10000 | G21: 10000 | H21: 10000
A22: Interest | E22: 30000 | F22: 0 | G22: 0 | H22: 30000
A23: Dividend (Common) | E23: 50000 | F23: 0 | G23: 0 | H23: 0
A24: Taxes | E24: 25000 | F24: 0 | G24: 0 | H24: 25000
A25: Capital Outlays | E25: 0 | F25: 200000 | G25: 0 | H25: 0
A26: Total Disbursements | E26: =SUM(E19:E25) -> 381500 | F26: =SUM(F19:F25) -> 451900 | G26: =SUM(G19:G25) -> 194800 | H26: =SUM(H19:H25) -> 185100
A27: Beginning Cash Balance | E27: =D31 -> 20000 | F27: =E31 -> 15000 | G27: =F31 -> 15000 | H27: =G31 -> 121500
A28: Collections - Disbursement | E28: =E17-E26 -> -18800 | F28: =F17-F26 -> -91400 | G28: =G17-G26 -> 106500 | H28: =H17-H26 -> 29350
A29: Unadjusted Cash Balance | E29: =SUM(E27:E28) -> 1200 | F29: =SUM(F27:F28) -> -76400 | G29: =SUM(G27:G28) -> 121500 | H29: =SUM(H27:H28) -> 150850
A30: Current Borrowing | E30: =IF(E29<$B33,$B33-E29,0) -> 13800 | F30: =IF(F29<$B33,$B33-F29,0) -> 91400 | G30: =IF(G29<$B33,$B33-G29,0) -> 0 | H30: =IF(H29<$B33,$B33-H29,0) -> 0
A31: Ending Cash Balance | D31: 20000 | E31: =SUM(E29:E30) -> 15000 | F31: =SUM(F29:F30) -> 15000 | G31: =SUM(G29:G30) -> 121500 | H31: =SUM(H29:H30) -> 150850
A32: Notes:
A33: Minimum Acceptable Cash | B33: ='Exh 4-2'!B33 -> 15000

Sheet Exh 4-4
A1: ='Exh 4-2'!A1 -> Bithlo Barbecues
A2: ='Exh 4-2'!A2 -> Cash Budget
A3: ='Exh 4-2'!A3 -> For the Period June to September 2017
C4: ='Exh 4-2'!C4 -> 42826 | D4: ='Exh 4-2'!D4 -> 42856 | E4: ='Exh 4-2'!E4 -> 42887 | F4: ='Exh 4-2'!F4 -> 42917 | G4: ='Exh 4-2'!G4 -> 42948 | H4: ='Exh 4-2'!H4 -> 42979 | I4: ='Exh 4-2'!I4 -> 43009
A5: Sales | C5: ='Exh 4-2'!C5 -> 291000 | D5: ='Exh 4-2'!D5 -> 365000 | E5: ='Exh 4-2'!E5 -> 387000 | F5: ='Exh 4-2'!F5 -> 329000 | G5: ='Exh 4-2'!G5 -> 238000 | H5: ='Exh 4-2'!H5 -> 145000 | I5: ='Exh 4-2'!I5 -> 92000
A6: Collections:
A7: Cash | B7: ='Exh 4-2'!B7 -> 0.4 | E7: =E5*$B7 -> 154800 | F7: =F5*$B7 -> 131600 | G7: =G5*$B7 -> 95200 | H7: =H5*$B7 -> 58000
A8: First Month | B8: ='Exh 4-2'!B8 -> 0.45 | E8: =D5*$B8 -> 164250 | F8: =E5*$B8 -> 174150 | G8: =F5*$B8 -> 148050 | H8: =G5*$B8 -> 107100
A9: Second Month | B9: ='Exh 4-2'!B9 -> 0.15 | E9: =C5*$B9 -> 43650 | F9: =D5*$B9 -> 54750 | G9: =E5*$B9 -> 58050 | H9: =F5*$B9 -> 49350
A10: Total Collections | E10: =SUM(E7:E9) -> 362700 | F10: =SUM(F7:F9) -> 360500 | G10: =SUM(G7:G9) -> 301300 | H10: =SUM(H7:H9) -> 214450
A11: Purchases | B11: ='Exh 4-2'!B11 -> 0.5 | C11: =$B11*D5 -> 182500 | D11: =$B11*E5 -> 193500 | E11: =$B11*F5 -> 164500 | F11: =$B11*G5 -> 119000 | G11: =$B11*H5 -> 72500 | H11: =$B11*I5 -> 46000
A12: Payments:
A13: First Month | B13: ='Exh 4-2'!B13 -> 0.6 | E13: =$B13*D11 -> 116100 | F13: =$B13*E11 -> 98700 | G13: =$B13*F11 -> 71400 | H13: =$B13*G11 -> 43500
A14: Second Month | B14: ='Exh 4-2'!B14 -> 0.4 | E14: =$B14*C11 -> 73000 | F14: =$B14*D11 -> 77400 | G14: =$B14*E11 -> 65800 | H14: =$B14*F11 -> 47600
A15: Total Payments | E15: =SUM(E13:E14) -> 189100 | F15: =SUM(F13:F14) -> 176100 | G15: =SUM(G13:G14) -> 137200 | H15: =SUM(H13:H14) -> 91100
A17: Collections | E17: =E10 -> 362700 | F17: =F10 -> 360500 | G17: =G10 -> 301300 | H17: =H10 -> 214450
A18: Less Disbursements:
A19: Inventory Payments | E19: =E15 -> 189100 | F19: =F15 -> 176100 | G19: =G15 -> 137200 | H19: =H15 -> 91100
A20: Wages | B20: ='Exh 4-2'!B20 -> 0.2 | E20: =$B20*E5 -> 77400 | F20: =$B20*F5 -> 65800 | G20: =$B20*G5 -> 47600 | H20: =$B20*H5 -> 29000
A21: Lease Payment | E21: 10000 | F21: 10000 | G21: 10000 | H21: 10000
A22: Interest | E22: 30000 | F22: 0 | G22: 0 | H22: 30000
A23: Dividend (Common) | E23: 50000 | F23: 0 | G23: 0 | H23: 0
A24: Taxes | E24: 25000 | F24: 0 | G24: 0 | H24: 25000
A25: Capital Outlays | E25: 0 | F25: 200000 | G25: 0 | H25: 0
A26: Total Disbursements | E26: =SUM(E19:E25) -> 381500 | F26: =SUM(F19:F25) -> 451900 | G26: =SUM(G19:G25) -> 194800 | H26: =SUM(H19:H25) -> 185100
A27: Beginning Cash Balance | E27: =D31 -> 20000 | F27: =E31 -> 15000 | G27: =F31 -> 15000 | H27: =G31 -> 121500
A28: Collections - Disbursements | E28: =E17-E26 -> -18800 | F28: =F17-F26 -> -91400 | G28: =G17-G26 -> 106500 | H28: =H17-H26 -> 29350 | J28: =IF(2>3,"FIRST","SECOND") -> SECOND
A29: Unadjusted Cash Balance | E29: =SUM(E27:E28) -> 1200 | F29: =SUM(F27:F28) -> -76400 | G29: =SUM(G27:G28) -> 121500 | H29: =SUM(H27:H28) -> 150850
A30: Current Borrowing | E30: =IF(E29>$B33,0,$B33-E29) -> 13800 | F30: =IF(F29>$B33,0,$B33-F29) -> 91400 | G30: =IF(G29>$B33,0,$B33-G29) -> 0 | H30: =IF(H29>$B33,0,$B33-H29) -> 0
A31: Ending Cash Balance | D31: 20000 | E31: =SUM(E29:E30) -> 15000 | F31: =SUM(F29:F30) -> 15000 | G31: =SUM(G29:G30) -> 121500 | H31: =SUM(H29:H30) -> 150850
A32: Notes:
A33: Minimum Acceptable Cash | B33: ='Exh 4-2'!B33 -> 15000

Sheet Exh 4-5
A1: ='Exh 4-2'!A1 -> Bithlo Barbecues
A2: Cash Budget
A3: ='Exh 4-2'!A3 -> For the Period June to September 2017
C4: ='Exh 4-2'!C4 -> 42826 | D4: ='Exh 4-2'!D4 -> 42856 | E4: ='Exh 4-2'!E4 -> 42887 | F4: ='Exh 4-2'!F4 -> 42917 | G4: ='Exh 4-2'!G4 -> 42948 | H4: ='Exh 4-2'!H4 -> 42979 | I4: ='Exh 4-2'!I4 -> 43009
A5: Sales | C5: ='Exh 4-2'!C5 -> 291000 | D5: ='Exh 4-2'!D5 -> 365000 | E5: ='Exh 4-2'!E5 -> 387000 | F5: ='Exh 4-2'!F5 -> 329000 | G5: ='Exh 4-2'!G5 -> 238000 | H5: ='Exh 4-2'!H5 -> 145000 | I5: ='Exh 4-2'!I5 -> 92000
A6: Collections:
A7: Cash | B7: ='Exh 4-2'!B7 -> 0.4 | E7: =E5*$B7 -> 154800 | F7: =F5*$B7 -> 131600 | G7: =G5*$B7 -> 95200 | H7: =H5*$B7 -> 58000
A8: First Month | B8: ='Exh 4-2'!B8 -> 0.45 | E8: =D5*$B8 -> 164250 | F8: =E5*$B8 -> 174150 | G8: =F5*$B8 -> 148050 | H8: =G5*$B8 -> 107100
A9: Second Month | B9: ='Exh 4-2'!B9 -> 0.15 | E9: =C5*$B9 -> 43650 | F9: =D5*$B9 -> 54750 | G9: =E5*$B9 -> 58050 | H9: =F5*$B9 -> 49350
A10: Total Collections | E10: =SUM(E7:E9) -> 362700 | F10: =SUM(F7:F9) -> 360500 | G10: =SUM(G7:G9) -> 301300 | H10: =SUM(H7:H9) -> 214450
A11: Purchases | B11: ='Exh 4-2'!B11 -> 0.5 | C11: =$B11*D5 -> 182500 | D11: =$B11*E5 -> 193500 | E11: =$B11*F5 -> 164500 | F11: =$B11*G5 -> 119000 | G11: =$B11*H5 -> 72500 | H11: =$B11*I5 -> 46000
A12: Payments:
A13: First Month | B13: ='Exh 4-2'!B13 -> 0.6 | E13: =$B13*D11 -> 116100 | F13: =$B13*E11 -> 98700 | G13: =$B13*F11 -> 71400 | H13: =$B13*G11 -> 43500
A14: Second Month | B14: ='Exh 4-2'!B14 -> 0.4 | E14: =$B14*C11 -> 73000 | F14: =$B14*D11 -> 77400 | G14: =$B14*E11 -> 65800 | H14: =$B14*F11 -> 47600
A15: Total Payments | E15: =SUM(E13:E14) -> 189100 | F15: =SUM(F13:F14) -> 176100 | G15: =SUM(G13:G14) -> 137200 | H15: =SUM(H13:H14) -> 91100
A17: Collections | E17: =E10 -> 362700 | F17: =F10 -> 360500 | G17: =G10 -> 301300 | H17: =H10 -> 214450
A18: Less Disbursements:
A19: Inventory Payments | E19: =E15 -> 189100 | F19: =F15 -> 176100 | G19: =G15 -> 137200 | H19: =H15 -> 91100
A20: Wages | B20: ='Exh 4-2'!B20 -> 0.2 | E20: =$B20*E5 -> 77400 | F20: =$B20*F5 -> 65800 | G20: =$B20*G5 -> 47600 | H20: =$B20*H5 -> 29000
A21: Lease Payment | E21: 10000 | F21: 10000 | G21: 10000 | H21: 10000
A22: Interest | E22: 30000 | F22: 0 | G22: 0 | H22: 30000
A23: Dividend (Common) | E23: 50000 | F23: 0 | G23: 0 | H23: 0
A24: Taxes | E24: 25000 | F24: 0 | G24: 0 | H24: 25000
A25: Capital Outlays | E25: 0 | F25: 200000 | G25: 0 | H25: 0
A26: Total Disbursements | E26: =SUM(E19:E25) -> 381500 | F26: =SUM(F19:F25) -> 451900 | G26: =SUM(G19:G25) -> 194800 | H26: =SUM(H19:H25) -> 185100
A27: Beginning Cash Balance | E27: =D31 -> 20000 | F27: =E31 -> 15000 | G27: =F31 -> 15000 | H27: =G31 -> 121500
A28: Collections - Disbursements | E28: =E17-E26 -> -18800 | F28: =F17-F26 -> -91400 | G28: =G17-G26 -> 106500 | H28: =H17-H26 -> 29350
A29: Unadjusted Cash Balance | E29: =SUM(E27:E28) -> 1200 | F29: =SUM(F27:F28) -> -76400 | G29: =SUM(G27:G28) -> 121500 | H29: =SUM(H27:H28) -> 150850
A30: Current Borrowing | E30: =IF(E29<=$B33,$B33-E29,0) -> 13800 | F30: =IF(F29<=$B33,$B33-F29,0) -> 91400 | G30: =IF(G29<=$B33,$B33-G29,0) -> 0 | H30: =IF(H29<=$B33,$B33-H29,0) -> 0
A31: Ending Cash Balance | D31: 20000 | E31: =SUM(E29:E30) -> 15000 | F31: =SUM(F29:F30) -> 15000 | G31: =SUM(G29:G30) -> 121500 | H31: =SUM(H29:H30) -> 150850
A32: Notes:
A33: Minimum Acceptable Cash | B33: ='Exh 4-2'!B33 -> 15000

Sheet Exh 4-6
A1: ='Exh 4-2'!A1 -> Bithlo Barbecues
A2: ='Exh 4-2'!A2 -> Cash Budget
A3: ='Exh 4-2'!A3 -> For the Period June to September 2017
C4: ='Exh 4-2'!C4 -> 42826 | D4: ='Exh 4-2'!D4 -> 42856 | E4: ='Exh 4-2'!E4 -> 42887 | F4: ='Exh 4-2'!F4 -> 42917 | G4: ='Exh 4-2'!G4 -> 42948 | H4: ='Exh 4-2'!H4 -> 42979 | I4: ='Exh 4-2'!I4 -> 43009
A5: Sales | C5: ='Exh 4-2'!C5 -> 291000 | D5: ='Exh 4-2'!D5 -> 365000 | E5: ='Exh 4-2'!E5 -> 387000 | F5: ='Exh 4-2'!F5 -> 329000 | G5: ='Exh 4-2'!G5 -> 238000 | H5: ='Exh 4-2'!H5 -> 145000 | I5: ='Exh 4-2'!I5 -> 92000
A6: Collections:
A7: Cash | B7: ='Exh 4-2'!B7 -> 0.4 | E7: =E5*$B7 -> 154800 | F7: =F5*$B7 -> 131600 | G7: =G5*$B7 -> 95200 | H7: =H5*$B7 -> 58000
A8: First Month | B8: ='Exh 4-2'!B8 -> 0.45 | E8: =D5*$B8 -> 164250 | F8: =E5*$B8 -> 174150 | G8: =F5*$B8 -> 148050 | H8: =G5*$B8 -> 107100
A9: Second Month | B9: ='Exh 4-2'!B9 -> 0.15 | E9: =C5*$B9 -> 43650 | F9: =D5*$B9 -> 54750 | G9: =E5*$B9 -> 58050 | H9: =F5*$B9 -> 49350
A10: Total Collections | E10: =SUM(E7:E9) -> 362700 | F10: =SUM(F7:F9) -> 360500 | G10: =SUM(G7:G9) -> 301300 | H10: =SUM(H7:H9) -> 214450
A11: Purchases | B11: ='Exh 4-2'!B11 -> 0.5 | C11: =$B11*D5 -> 182500 | D11: =$B11*E5 -> 193500 | E11: =$B11*F5 -> 164500 | F11: =$B11*G5 -> 119000 | G11: =$B11*H5 -> 72500 | H11: =$B11*I5 -> 46000
A12: Payments:
A13: First Month | B13: ='Exh 4-2'!B13 -> 0.6 | E13: =$B13*D11 -> 116100 | F13: =$B13*E11 -> 98700 | G13: =$B13*F11 -> 71400 | H13: =$B13*G11 -> 43500
A14: Second Month | B14: ='Exh 4-2'!B14 -> 0.4 | E14: =$B14*C11 -> 73000 | F14: =$B14*D11 -> 77400 | G14: =$B14*E11 -> 65800 | H14: =$B14*F11 -> 47600
A15: Total Payments | E15: =SUM(E13:E14) -> 189100 | F15: =SUM(F13:F14) -> 176100 | G15: =SUM(G13:G14) -> 137200 | H15: =SUM(H13:H14) -> 91100
A17: Collections | E17: =E10 -> 362700 | F17: =F10 -> 360500 | G17: =G10 -> 301300 | H17: =H10 -> 214450
A18: Less Disbursements:
A19: Inventory Payments | E19: =E15 -> 189100 | F19: =F15 -> 176100 | G19: =G15 -> 137200 | H19: =H15 -> 91100
A20: Wages | B20: ='Exh 4-2'!B20 -> 0.2 | E20: =$B20*E5 -> 77400 | F20: =$B20*F5 -> 65800 | G20: =$B20*G5 -> 47600 | H20: =$B20*H5 -> 29000
A21: Lease Payment | E21: 10000 | F21: 10000 | G21: 10000 | H21: 10000
A22: Interest | E22: 30000 | F22: 0 | G22: 0 | H22: 30000
A23: Dividend (Common) | E23: 50000 | F23: 0 | G23: 0 | H23: 0
A24: Taxes | E24: 25000 | F24: 0 | G24: 0 | H24: 25000
A25: Capital Outlays | E25: 0 | F25: 200000 | G25: 0 | H25: 0
A26: Total Disbursements | E26: =SUM(E19:E25) -> 381500 | F26: =SUM(F19:F25) -> 451900 | G26: =SUM(G19:G25) -> 194800 | H26: =SUM(H19:H25) -> 185100
A27: Beginning Cash Balance | E27: =D31 -> 20000 | F27: =E31 -> 15000 | G27: =F31 -> 15000 | H27: =G31 -> 121500
A28: Collections - Disbursements | E28: =E17-E26 -> -18800 | F28: =F17-F26 -> -91400 | G28: =G17-G26 -> 106500 | H28: =H17-H26 -> 29350
A29: Unadjusted Cash Balance | E29: =SUM(E27:E28) -> 1200 | F29: =SUM(F27:F28) -> -76400 | G29: =SUM(G27:G28) -> 121500 | H29: =SUM(H27:H28) -> 150850
A30: Current Borrowing | E30: =IF(E29<=$B34,$B34-E29,0) -> 13800 | F30: =IF(F29<=$B34,$B34-F29,0) -> 91400 | G30: =IF(G29<=$B34,$B34-G29,0) -> 0 | H30: =IF(H29<=$B34,$B34-H29,0) -> 0
A31: Ending Cash Balance | D31: 20000 | E31: =SUM(E29:E30) -> 15000 | F31: =SUM(F29:F30) -> 15000 | G31: =SUM(G29:G30) -> 121500 | H31: =SUM(H29:H30) -> 150850
A32: Cumulative Borrowing | D32: =C32+D30 -> 0 | E32: =D32+E30 -> 13800 | F32: =E32+F30 -> 105200 | G32: =F32+G30 -> 105200 | H32: =G32+H30 -> 105200 | J32: =MAX(D32:H32) -> 105200
A33: Notes:
A34: Minimum Acceptable Cash | B34: ='Exh 4-2'!B33 -> 15000

Sheet Scenario Summary
B2: Scenario Summary
D3: Current Values: | E3: Expenditure in June | F3: Expenditure in July | G3: Expenditure in August | H3: Expenditure in September
E4: Created by Timothy R. Mayes, Ph.D. on 7/15/2016 | F4: Created by Timothy R. Mayes, Ph.D. on 2/4/2014 | G4: Created by Timothy R. Mayes, Ph.D. on 2/4/2014 | H4: Created by Timothy R. Mayes, Ph.D. on 7/15/2016
B5: Changing Cells:
C6: June | D6: 0 | E6: 200000 | F6: 0 | G6: 0 | H6: 0
C7: July | D7: 200000 | E7: 0 | F7: 200000 | G7: 0 | H7: 0
C8: August | D8: 0 | E8: 0 | F8: 0 | G8: 200000 | H8: 0
C9: September | D9: 0 | E9: 0 | F9: 0 | G9: 0 | H9: 200000
B10: Result Cells:
C11: Max_Borrowing | D11: 105200 | E11: 213800 | F11: 105200 | G11: 13800 | H11: 13800
B12: Notes: Current Values column represents values of changing cells at
B13: time Scenario Summary Report was created. Changing cells for each
B14: scenario are highlighted in gray.

Sheet Exh 4-8
A1: ='Exh 4-2'!A1 -> Bithlo Barbecues
A2: Cash Budget
A3: ='Exh 4-2'!A3 -> For the Period June to September 2017
C4: ='Exh 4-2'!C4 -> 42826 | D4: ='Exh 4-2'!D4 -> 42856 | E4: ='Exh 4-2'!E4 -> 42887 | F4: ='Exh 4-2'!F4 -> 42917 | G4: ='Exh 4-2'!G4 -> 42948 | H4: ='Exh 4-2'!H4 -> 42979 | I4: ='Exh 4-2'!I4 -> 43009
A5: Sales | C5: ='Exh 4-2'!C5 -> 291000 | D5: ='Exh 4-2'!D5 -> 365000 | E5: ='Exh 4-2'!E5 -> 387000 | F5: ='Exh 4-2'!F5 -> 329000 | G5: ='Exh 4-2'!G5 -> 238000 | H5: ='Exh 4-2'!H5 -> 145000 | I5: ='Exh 4-2'!I5 -> 92000
A6: Collections:
A7: Cash | B7: ='Exh 4-2'!B7 -> 0.4 | E7: =E5*$B7 -> 154800 | F7: =F5*$B7 -> 131600 | G7: =G5*$B7 -> 95200 | H7: =H5*$B7 -> 58000
A8: First Month | B8: ='Exh 4-2'!B8 -> 0.45 | E8: =D5*$B8 -> 164250 | F8: =E5*$B8 -> 174150 | G8: =F5*$B8 -> 148050 | H8: =G5*$B8 -> 107100
A9: Second Month | B9: ='Exh 4-2'!B9 -> 0.15 | E9: =C5*$B9 -> 43650 | F9: =D5*$B9 -> 54750 | G9: =E5*$B9 -> 58050 | H9: =F5*$B9 -> 49350
A10: Total Collections | E10: =SUM(E7:E9) -> 362700 | F10: =SUM(F7:F9) -> 360500 | G10: =SUM(G7:G9) -> 301300 | H10: =SUM(H7:H9) -> 214450
A11: Purchases | B11: ='Exh 4-2'!B11 -> 0.5 | C11: =$B11*D5 -> 182500 | D11: =$B11*E5 -> 193500 | E11: =$B11*F5 -> 164500 | F11: =$B11*G5 -> 119000 | G11: =$B11*H5 -> 72500 | H11: =$B11*I5 -> 46000
A12: Payments:
A13: First Month | B13: ='Exh 4-2'!B13 -> 0.6 | E13: =$B13*D11 -> 116100 | F13: =$B13*E11 -> 98700 | G13: =$B13*F11 -> 71400 | H13: =$B13*G11 -> 43500
A14: Second Month | B14: ='Exh 4-2'!B14 -> 0.4 | E14: =$B14*C11 -> 73000 | F14: =$B14*D11 -> 77400 | G14: =$B14*E11 -> 65800 | H14: =$B14*F11 -> 47600
A15: Total Payments | E15: =SUM(E13:E14) -> 189100 | F15: =SUM(F13:F14) -> 176100 | G15: =SUM(G13:G14) -> 137200 | H15: =SUM(H13:H14) -> 91100
A17: Collections | E17: =E10 -> 362700 | F17: =F10 -> 360500 | G17: =G10 -> 301300 | H17: =H10 -> 214450
A18: Less Disbursements:
A19: Inventory Payments | E19: =E15 -> 189100 | F19: =F15 -> 176100 | G19: =G15 -> 137200 | H19: =H15 -> 91100
A20: Wages | B20: ='Exh 4-2'!B20 -> 0.2 | E20: =$B20*E5 -> 77400 | F20: =$B20*F5 -> 65800 | G20: =$B20*G5 -> 47600 | H20: =$B20*H5 -> 29000
A21: Lease Payment | E21: 10000 | F21: 10000 | G21: 10000 | H21: 10000
A22: Interest | E22: 30000 | F22: 0 | G22: 0 | H22: 30000
A23: Short-term Interest Expense (Inc.) | E23: =D34*$D$39 -> 0 | F23: =E34*$D$39 -> 92 | G23: =F34*$D$39 -> 701.94667 | H23: =G34*$D$39 -> 0
A24: Dividend (Common) | E24: 50000 | F24: 0 | G24: 0 | H24: 0
A25: Taxes | E25: 25000 | F25: 0 | G25: 0 | H25: 25000
A26: Capital Outlays | E26: 0 | F26: 200000 | G26: 0 | H26: 0
A27: Total Disbursements | E27: =SUM(E19:E26) -> 381500 | F27: =SUM(F19:F26) -> 451992 | G27: =SUM(G19:G26) -> 195501.95 | H27: =SUM(H19:H26) -> 185100
A28: Beginning Cash Balance | E28: =D33 -> 20000 | F28: =E33 -> 15000 | G28: =F33 -> 15000 | H28: =G33 -> 15506.053
A29: Collections - Disbursements | E29: =E17-E27 -> -18800 | F29: =F17-F27 -> -91492 | G29: =G17-G27 -> 105798.05 | H29: =H17-H27 -> 29350
A30: Unadjusted Cash Balance | E30: =SUM(E28:E29) -> 1200 | F30: =SUM(F28:F29) -> -76492 | G30: =SUM(G28:G29) -> 120798.05 | H30: =SUM(H28:H29) -> 44856.053
A31: Current Borrowing | E31: =IF(E30<$B37,$B37-E30,-MIN(D34,E30-$B$37)) -> 13800 | F31: =IF(F30<$B37,$B37-F30,-MIN(E34,F30-$B$37)) -> 91492 | G31: =IF(G30<$B37,$B37-G30,-MIN(F34,G30-$B$37)) -> -105292 | H31: =IF(H30<$B37,$B37-H30,-MIN(G34,H30-$B$37)) -> 0
A32: Current Investing
A33: Ending Cash Balance | D33: 20000 | E33: =SUM(E30:E31) -> 15000 | F33: =SUM(F30:F31) -> 15000 | G33: =SUM(G30:G31) -> 15506.053 | H33: =SUM(H30:H31) -> 44856.053
A34: Cumulative Borrowing (Investing) | D34: =C34+D31-D32 -> 0 | E34: =D34+E31-E32 -> 13800 | F34: =E34+F31-F32 -> 105292 | G34: =F34+G31-G32 -> 0 | H34: =G34+H31-H32 -> 0
A35: Cumulative Interest Expense (Inc.) | E35: =D35+E23 -> 0 | F35: =E35+F23 -> 92 | G35: =F35+G23 -> 793.94667 | H35: =G35+H23 -> 793.94667
A36: Notes:
A37: Minimum Acceptable Cash | B37: ='Exh 4-2'!B33 -> 15000
A38: Maximum Acceptable Cash | B38: 40000
A39: Borrowing Rate (Annual) | B39: 0.08 | C39: Monthly | D39: =B39/12 -> 0.0066666667

Sheet Exh 4-9
A1: ='Exh 4-2'!A1 -> Bithlo Barbecues
A2: Cash Budget
A3: ='Exh 4-2'!A3 -> For the Period June to September 2017
C4: ='Exh 4-2'!C4 -> 42826 | D4: ='Exh 4-2'!D4 -> 42856 | E4: ='Exh 4-2'!E4 -> 42887 | F4: ='Exh 4-2'!F4 -> 42917 | G4: ='Exh 4-2'!G4 -> 42948 | H4: ='Exh 4-2'!H4 -> 42979 | I4: ='Exh 4-2'!I4 -> 43009
A5: Sales | C5: ='Exh 4-2'!C5 -> 291000 | D5: ='Exh 4-2'!D5 -> 365000 | E5: ='Exh 4-2'!E5 -> 387000 | F5: ='Exh 4-2'!F5 -> 329000 | G5: ='Exh 4-2'!G5 -> 238000 | H5: ='Exh 4-2'!H5 -> 145000 | I5: ='Exh 4-2'!I5 -> 92000
A6: Collections:
A7: Cash | B7: ='Exh 4-2'!B7 -> 0.4 | E7: =E5*$B7 -> 154800 | F7: =F5*$B7 -> 131600 | G7: =G5*$B7 -> 95200 | H7: =H5*$B7 -> 58000
A8: First Month | B8: ='Exh 4-2'!B8 -> 0.45 | E8: =D5*$B8 -> 164250 | F8: =E5*$B8 -> 174150 | G8: =F5*$B8 -> 148050 | H8: =G5*$B8 -> 107100
A9: Second Month | B9: ='Exh 4-2'!B9 -> 0.15 | E9: =C5*$B9 -> 43650 | F9: =D5*$B9 -> 54750 | G9: =E5*$B9 -> 58050 | H9: =F5*$B9 -> 49350
A10: Total Collections | E10: =SUM(E7:E9) -> 362700 | F10: =SUM(F7:F9) -> 360500 | G10: =SUM(G7:G9) -> 301300 | H10: =SUM(H7:H9) -> 214450
A11: Purchases | B11: ='Exh 4-2'!B11 -> 0.5 | C11: =$B11*D5 -> 182500 | D11: =$B11*E5 -> 193500 | E11: =$B11*F5 -> 164500 | F11: =$B11*G5 -> 119000 | G11: =$B11*H5 -> 72500 | H11: =$B11*I5 -> 46000
A12: Payments:
A13: First Month | B13: ='Exh 4-2'!B13 -> 0.6 | E13: =$B13*D11 -> 116100 | F13: =$B13*E11 -> 98700 | G13: =$B13*F11 -> 71400 | H13: =$B13*G11 -> 43500
A14: Second Month | B14: ='Exh 4-2'!B14 -> 0.4 | E14: =$B14*C11 -> 73000 | F14: =$B14*D11 -> 77400 | G14: =$B14*E11 -> 65800 | H14: =$B14*F11 -> 47600
A15: Total Payments | E15: =SUM(E13:E14) -> 189100 | F15: =SUM(F13:F14) -> 176100 | G15: =SUM(G13:G14) -> 137200 | H15: =SUM(H13:H14) -> 91100
A17: Collections | E17: =E10 -> 362700 | F17: =F10 -> 360500 | G17: =G10 -> 301300 | H17: =H10 -> 214450
A18: Less Disbursements:
A19: Inventory Payments | E19: =E15 -> 189100 | F19: =F15 -> 176100 | G19: =G15 -> 137200 | H19: =H15 -> 91100
A20: Wages | B20: ='Exh 4-2'!B20 -> 0.2 | E20: =$B20*E5 -> 77400 | F20: =$B20*F5 -> 65800 | G20: =$B20*G5 -> 47600 | H20: =$B20*H5 -> 29000
A21: Lease Payment | E21: 10000 | F21: 10000 | G21: 10000 | H21: 10000
A22: Interest | E22: 30000 | F22: 0 | G22: 0 | H22: 30000
A23: Short-term Interest Expense (Inc.) | E23: =IF(D34>0,D34*$D$39,D34*$D$40) -> 0 | F23: =IF(E34>0,E34*$D$39,E34*$D$40) -> 92 | G23: =IF(F34>0,F34*$D$39,F34*$D$40) -> 701.94667 | H23: =IF(G34>0,G34*$D$39,G34*$D$40) -> 0
A24: Dividend (Common) | E24: 50000 | F24: 0 | G24: 0 | H24: 0
A25: Taxes | E25: 25000 | F25: 0 | G25: 0 | H25: 25000
A26: Capital Outlays | E26: 0 | F26: 200000 | G26: 0 | H26: 0
A27: Total Disbursements | E27: =SUM(E19:E26) -> 381500 | F27: =SUM(F19:F26) -> 451992 | G27: =SUM(G19:G26) -> 195501.95 | H27: =SUM(H19:H26) -> 185100
A28: Beginning Cash Balance | E28: =D33 -> 20000 | F28: =E33 -> 15000 | G28: =F33 -> 15000 | H28: =G33 -> 15506.053
A29: Collections - Disbursements | E29: =E17-E27 -> -18800 | F29: =F17-F27 -> -91492 | G29: =G17-G27 -> 105798.05 | H29: =H17-H27 -> 29350
A30: Unadjusted Cash Balance | E30: =SUM(E28:E29) -> 1200 | F30: =SUM(F28:F29) -> -76492 | G30: =SUM(G28:G29) -> 120798.05 | H30: =SUM(H28:H29) -> 44856.053
A31: Current Borrowing | E31: =IF(E30<$B$37,IF(D34<0,MAX($B$37+D34-E30,0),$B$37-E30),IF(D34>0,-MIN(D34,E30-$B$37),0)) -> 13800 | F31: =IF(F30<$B$37,IF(E34<0,MAX($B$37+E34-F30,0),$B$37-F30),IF(E34>0,-MIN(E34,F30-$B$37),0)) -> 91492 | G31: =IF(G30<$B$37,IF(F34<0,MAX($B$37+F34-G30,0),$B$37-G30),IF(F34>0,-MIN(F34,G30-$B$37),0)) -> -105292 | H31: =IF(H30<$B$37,IF(G34<0,MAX($B$37+G34-H30,0),$B$37-H30),IF(G34>0,-MIN(G34,H30-$B$37),0)) -> 0
A32: Current Investing | E32: =IF(AND(E30+E31<$B$37,D34<0),E30+E31-$B$37,IF(E30+E31>$B$38,E30+E31-$B$38,0)) -> 0 | F32: =IF(AND(F30+F31<$B$37,E34<0),F30+F31-$B$37,IF(F30+F31>$B$38,F30+F31-$B$38,0)) -> 0 | G32: =IF(AND(G30+G31<$B$37,F34<0),G30+G31-$B$37,IF(G30+G31>$B$38,G30+G31-$B$38,0)) -> 0 | H32: =IF(AND(H30+H31<$B$37,G34<0),H30+H31-$B$37,IF(H30+H31>$B$38,H30+H31-$B$38,0)) -> 4856.0533
A33: Ending Cash Balance | D33: 20000 | E33: =SUM(E30:E31)-E32 -> 15000 | F33: =SUM(F30:F31)-F32 -> 15000 | G33: =SUM(G30:G31)-G32 -> 15506.053 | H33: =SUM(H30:H31)-H32 -> 40000
A34: Cumulative Borrowing (Investing) | D34: =C34+D31-D32 -> 0 | E34: =D34+E31-E32 -> 13800 | F34: =E34+F31-F32 -> 105292 | G34: =F34+G31-G32 -> 0 | H34: =G34+H31-H32 -> -4856.0533
A35: Cumulative Interest Expense (Inc.) | E35: =D35+E23 -> 0 | F35: =E35+F23 -> 92 | G35: =F35+G23 -> 793.94667 | H35: =G35+H23 -> 793.94667
A36: Notes:
A37: Minimum Acceptable Cash | B37: ='Exh 4-2'!B33 -> 15000
A38: Maximum Acceptable Cash | B38: 40000
A39: Borrowing Rate (Annual) | B39: 0.08 | C39: Monthly | D39: =B39/12 -> 0.0066666667
A40: Lending Rate (Annual) | B40: 0.06 | C40: Monthly | D40: =B40/12 -> 0.005

Sheet Exh 4-10
A1: ='Exh 4-2'!A1 -> Bithlo Barbecues
A2: ='Exh 4-2'!A2 -> Cash Budget
A3: ='Exh 4-2'!A3 -> For the Period June to September 2017
C4: ='Exh 4-2'!C4 -> 42826 | D4: ='Exh 4-2'!D4 -> 42856 | E4: ='Exh 4-2'!E4 -> 42887 | F4: ='Exh 4-2'!F4 -> 42917 | G4: ='Exh 4-2'!G4 -> 42948 | H4: ='Exh 4-2'!H4 -> 42979 | I4: ='Exh 4-2'!I4 -> 43009
A5: Sales | C5: ='Exh 4-2'!C5 -> 291000 | D5: ='Exh 4-2'!D5 -> 365000 | E5: ='Exh 4-2'!E5 -> 387000 | F5: ='Exh 4-2'!F5 -> 329000 | G5: ='Exh 4-2'!G5 -> 238000 | H5: ='Exh 4-2'!H5 -> 145000 | I5: ='Exh 4-2'!I5 -> 92000
A6: Collections:
A7: Cash | B7: ='Exh 4-2'!B7 -> 0.4 | E7: =E5*$B7 -> 154800 | F7: =F5*$B7 -> 131600 | G7: =G5*$B7 -> 95200 | H7: =H5*$B7 -> 58000
A8: First Month | B8: ='Exh 4-2'!B8 -> 0.45 | E8: =D5*$B8 -> 164250 | F8: =E5*$B8 -> 174150 | G8: =F5*$B8 -> 148050 | H8: =G5*$B8 -> 107100
A9: Second Month | B9: ='Exh 4-2'!B9 -> 0.15 | E9: =C5*$B9 -> 43650 | F9: =D5*$B9 -> 54750 | G9: =E5*$B9 -> 58050 | H9: =F5*$B9 -> 49350
A10: Total Collections | E10: =SUM(E7:E9) -> 362700 | F10: =SUM(F7:F9) -> 360500 | G10: =SUM(G7:G9) -> 301300 | H10: =SUM(H7:H9) -> 214450
A11: Purchases | B11: ='Exh 4-2'!B11 -> 0.5 | C11: =$B11*D5 -> 182500 | D11: =$B11*E5 -> 193500 | E11: =$B11*F5 -> 164500 | F11: =$B11*G5 -> 119000 | G11: =$B11*H5 -> 72500 | H11: =$B11*I5 -> 46000
A12: Payments:
A13: First Month | B13: ='Exh 4-2'!B13 -> 0.6 | E13: =$B13*D11 -> 116100 | F13: =$B13*E11 -> 98700 | G13: =$B13*F11 -> 71400 | H13: =$B13*G11 -> 43500
A14: Second Month | B14: ='Exh 4-2'!B14 -> 0.4 | E14: =$B14*C11 -> 73000 | F14: =$B14*D11 -> 77400 | G14: =$B14*E11 -> 65800 | H14: =$B14*F11 -> 47600
A15: Total Payments | E15: =SUM(E13:E14) -> 189100 | F15: =SUM(F13:F14) -> 176100 | G15: =SUM(G13:G14) -> 137200 | H15: =SUM(H13:H14) -> 91100
A17: Collections | E17: =E10 -> 362700 | F17: =F10 -> 360500 | G17: =G10 -> 301300 | H17: =H10 -> 214450
A18: Less Disbursements:
A19: Inventory Payments | E19: =E15 -> 189100 | F19: =F15 -> 176100 | G19: =G15 -> 137200 | H19: =H15 -> 91100
A20: Wages | B20: ='Exh 4-2'!B20 -> 0.2 | E20: =$B20*E5 -> 77400 | F20: =$B20*F5 -> 65800 | G20: =$B20*G5 -> 47600 | H20: =$B20*H5 -> 29000
A21: Lease Payment | E21: 10000 | F21: 10000 | G21: 10000 | H21: 10000
A22: Interest | E22: 30000 | F22: 0 | G22: 0 | H22: 30000
A23: Short-term Interest Expense (Inc.) | E23: =IF(D34>0,D34*$D$39,D34*$D$40) -> -25 | F23: =IF(E34>0,E34*$D$39,E34*$D$40) -> 91.833333 | G23: =IF(F34>0,F34*$D$39,F34*$D$40) -> 701.77889 | H23: =IF(G34>0,G34*$D$39,G34*$D$40) -> -2.6569389
A24: Dividend (Common) | E24: 50000 | F24: 0 | G24: 0 | H24: 0
A25: Taxes | E25: 25000 | F25: 0 | G25: 0 | H25: 25000
A26: Capital Outlays | E26: 0 | F26: 200000 | G26: 0 | H26: 0
A27: Total Disbursements | E27: =SUM(E19:E26) -> 381475 | F27: =SUM(F19:F26) -> 451991.83 | G27: =SUM(G19:G26) -> 195501.78 | H27: =SUM(H19:H26) -> 185097.34
A28: Beginning Cash Balance | E28: =D33 -> 15000 | F28: =E33 -> 15000 | G28: =F33 -> 15000 | H28: =G33 -> 15000
A29: Collections - Disbursements | E29: =E17-E27 -> -18775 | F29: =F17-F27 -> -91491.833 | G29: =G17-G27 -> 105798.22 | H29: =H17-H27 -> 29352.657
A30: Unadjusted Cash Balance | D30: 20000 | E30: =SUM(E28:E29) -> -3775 | F30: =SUM(F28:F29) -> -76491.833 | G30: =SUM(G28:G29) -> 120798.22 | H30: =SUM(H28:H29) -> 44352.657
A31: Current Borrowing | D31: =IF(D30<$B$37,IF(C34<0,MAX($B$37+C34-D30,0),$B$37-D30),IF(C34>0,-MIN(C34,D30-$B$37),0)) -> 0 | E31: =IF(E30<$B$37,IF(D34<0,MAX($B$37+D34-E30,0),$B$37-E30),IF(D34>0,-MIN(D34,E30-$B$37),0)) -> 13775 | F31: =IF(F30<$B$37,IF(E34<0,MAX($B$37+E34-F30,0),$B$37-F30),IF(E34>0,-MIN(E34,F30-$B$37),0)) -> 91491.833 | G31: =IF(G30<$B$37,IF(F34<0,MAX($B$37+F34-G30,0),$B$37-G30),IF(F34>0,-MIN(F34,G30-$B$37),0)) -> -105266.83 | H31: =IF(H30<$B$37,IF(G34<0,MAX($B$37+G34-H30,0),$B$37-H30),IF(G34>0,-MIN(G34,H30-$B$37),0)) -> 0
A32: Current Investing | D32: =IF(AND(D30+D31<$B$37,C34<0),D30+D31-$B$37,IF(D30+D31>$B$38,D30+D31-$B$38,0)) -> 5000 | E32: =IF(AND(E30+E31<$B$37,D34<0),E30+E31-$B$37,IF(E30+E31>$B$38,E30+E31-$B$38,0)) -> -5000 | F32: =IF(AND(F30+F31<$B$37,E34<0),F30+F31-$B$37,IF(F30+F31>$B$38,F30+F31-$B$38,0)) -> 0 | G32: =IF(AND(G30+G31<$B$37,F34<0),G30+G31-$B$37,IF(G30+G31>$B$38,G30+G31-$B$38,0)) -> 531.38778 | H32: =IF(AND(H30+H31<$B$37,G34<0),H30+H31-$B$37,IF(H30+H31>$B$38,H30+H31-$B$38,0)) -> 29352.657
A33: Ending Cash Balance | D33: =SUM(D30:D31)-D32 -> 15000 | E33: =SUM(E30:E31)-E32 -> 15000 | F33: =SUM(F30:F31)-F32 -> 15000 | G33: =SUM(G30:G31)-G32 -> 15000 | H33: =SUM(H30:H31)-H32 -> 15000
A34: Cumulative Borrowing (Investing) | D34: =C34+D31-D32 -> -5000 | E34: =D34+E31-E32 -> 13775 | F34: =E34+F31-F32 -> 105266.83 | G34: =F34+G31-G32 -> -531.38778 | H34: =G34+H31-H32 -> -29884.045
A35: Cumulative Interest Expense (Inc.) | E35: =D35+E23 -> -25 | F35: =E35+F23 -> 66.833333 | G35: =F35+G23 -> 768.61222 | H35: =G35+H23 -> 765.95528
A36: Notes:
A37: Minimum Acceptable Cash | B37: ='Exh 4-2'!B33 -> 15000
A38: Maximum Acceptable Cash | B38: 15000
A39: Borrowing Rate (Annual) | B39: 0.08 | C39: Monthly | D39: =B39/12 -> 0.0066666667
A40: Lending Rate (Annual) | B40: 0.06 | C40: Monthly | D40: =B40/12 -> 0.005
